[Event "FRA-ch Youth 2017"]
[Site "Belfort"]
[Date "2017.04.23"]
[Round "9"]
[White "Meillon, Judicael"]
[Black "Papadiamandis, Elliot"]
[Result "0-1"]
[ECO "B91"]
[WhiteElo "1884"]
[BlackElo "1944"]
[Annotator "NA RC"]
[PlyCount "81"]
[EventDate "2017.??.??"]
[EventCountry "FRA"]
[SourceTitle "playchess.com"]
[Source "ChessBase"]
[SourceQuality "1"]
[TimeControl "5400+30"]

1. e4 c5 2. Nf3 d6 3. d4 cxd4 4. Nxd4 Nf6 5. Nc3 a6 6. g3 e6 7. Bg2 Qc7 8. O-O {[%emt 0:01:59] LiveBook: 323 Games} Nc6 9. Bg5 {[%emt 0:07:37] B80: Sicilian Scheveningen: 6 g3 and 6 Be3, including English Attack} (9. a4 Be7 10. Be3 O-O 11. f4 Rb8 12. Kh1 Nd7 13. Qe2 Nxd4 14. Bxd4 b6 15. Rad1 Bb7 16. f5 Bf6 17. Bxf6 Nxf6 18. g4 exf5 19. Rxf5 Rbe8 20. g5 Nd7 {0-1 (29) Wei,Y (2709)-Xu,Y (2516) Shenzhen 2016}) 9... Be7 10. Qd2 Ne5 $146 (10... h6 11. Nxc6 bxc6 12. Bxf6 Bxf6 13. Rad1 Be7 14. Na4 O-O 15. c4 Rb8 16. b4 Rd8 {0-1 (36) Simpson,B (1843)-Shen,V (2401) Reykjavik 2015}) 11. b3 h6 12. Bf4 Ng6 13. Nde2 ({White should play} 13. Be3 $11) 13... Nxf4 14. Nxf4 Bd7 15. Nce2 Bc6 16. Qd3 (16. Qe3 $15) 16... O-O (16... g5 $17 17. Nh3 e5) 17. c4 b6 18. Nd4 Bd7 19. Nfe2 Rad8 20. f4 (20. Rfd1 $11) 20... Bc8 (20... b5 $15) 21. Rac1 Bb7 22. f5 exf5 (22... e5 $15 23. Nc2 {[#]} b5 $1 ) 23. Nxf5 Rfe8 24. Nc3 Ng4 25. Nd5 Bxd5 26. cxd5 Qa7 27. Qc3 b5+ 28. Qd4 Qxd4+ 29. Nxd4 Bg5 30. Nc6 Bxc1 31. Rxc1 Rd7 32. h3 Nf6 33. Nb4 Nxe4 34. Re1 Nf6 35. Rxe8+ Nxe8 36. Nxa6 Ra7 37. Nb4 Nc7 38. Kf2 Na6 39. Nc6 Ra8 40. b4 Nc7 41. Bf3 $19 0-1

[Event "FRA-ch Youth 2017"]
[Site "Belfort"]
[Date "2017.04.23"]
[Round "9"]
[White "Gospodaru, Teodora"]
[Black "Rubsamen, Anais"]
[Result "1-0"]
[ECO "A80"]
[WhiteElo "1827"]
[BlackElo "1610"]
[Annotator "NA RC"]
[PlyCount "67"]
[EventDate "2017.??.??"]
[EventCountry "FRA"]
[SourceTitle "playchess.com"]
[Source "ChessBase"]
[SourceQuality "1"]
[TimeControl "5400+30"]

1. d4 f5 2. Nf3 Nf6 3. c4 e6 4. e3 Be7 5. Nbd2 {[%emt 0:00:23] A84: Dutch Defence: 2 c4 Miscellaneous} (5. Bd3 O-O 6. O-O b6 7. Nbd2 Bb7 8. Qc2 c5 9. a3 g6 10. e4 cxd4 11. exf5 gxf5 12. Nxd4 Nc6 13. N2f3 Nxd4 14. Nxd4 Bc5 15. Nb3 Bd6 {0-1 (37) Brunello,S (2544)-Rombaldoni,A (2471) Siena 2010}) 5... O-O 6. Bd3 d6 7. O-O Qe8 (7... c5 $11 {remains equal.}) 8. e4 Nc6 $146 (8... fxe4 9. Nxe4 Nxe4 10. Bxe4 c6 11. Qc2 Qh5 12. Ne1 d5 {1-0 (56) Solinas,R (1740)-Malago,F (1960) Mirandola 2011}) 9. a3 Qh5 10. d5 fxe4 11. Nxe4 Nxe4 12. Bxe4 Nd8 13. Be3 e5 14. b4 Qg4 15. Nd2 Qh4 16. Qc2 Qh5 17. c5 Bf5 18. Bxf5 Rxf5 19. Ne4 Qf7 (19... Rf8 $16) 20. Rfd1 Qf8 21. Rac1 Nf7 22. cxd6 Nxd6 23. Ng3 Rf7 24. Qxc7 Bg5 25. Qc3 ({Much worse is} 25. Bxg5 $6 Rxc7 26. Rxc7 Qe8 $11) 25... Rc8 (25... Bf4 $16 {is a better defense.} 26. f3 Rc7) 26. Qxe5 Bf6 27. Rxc8 Nxc8 28. Qe6 Bb2 29. Bc5 Ne7 30. Nf5 Bf6 31. Re1 Kh8 32. Nxe7 Bxe7 33. Bxe7 Qg8 34. d6 1-0

[Event "FRA-ch Youth 2017"]
[Site "Belfort"]
[Date "2017.04.23"]
[Round "9"]
[White "Salvador, Lucie"]
[Black "Rollot, Florence"]
[Result "0-1"]
[ECO "A46"]
[WhiteElo "1823"]
[BlackElo "1973"]
[Annotator "NA RC"]
[PlyCount "84"]
[EventDate "2017.??.??"]
[EventCountry "FRA"]
[SourceTitle "playchess.com"]
[Source "ChessBase"]
[SourceQuality "1"]
[TimeControl "5400+30"]

1. d4 Nf6 2. Nf3 c5 3. g3 cxd4 4. Nxd4 g6 5. Bg2 Bg7 6. O-O O-O 7. c4 Nc6 8. e3 {[%emt 0:03:08] E60: King's Indian: Unusual lines and Fianchetto Variation without Nc3} (8. Nc3 Qa5 9. Nb3 Qh5 10. h3 d6 11. g4 Bxg4 12. hxg4 Nxg4 13. Bf4 Be5 14. Qd2 g5 15. Bxe5 Ncxe5 16. Rfc1 Nxc4 17. Qd4 Nce3 18. fxe3 Qh4 19. Nd5 Qf2+ 20. Kh1 Qh4+ 21. Kg1 Qf2+ 22. Kh1 {½-½ (22) Banusz,T (2613)-Bacrot,E (2692) Monzon 2016}) 8... Qb6 9. Nc3 {[%emt 0:25:04] LiveBook: 18 Games} a6 10. b3 d6 11. Bb2 Bg4 12. Qd2 Rac8 13. Nxc6 bxc6 14. e4 $146 (14. Rac1 Rfd8 15. Qc2 Bf5 16. e4 Be6 {0-1 (41) Cvitan,I-Grzinic,B Croatia 2010}) 14... Qa5 15. h3 Bd7 (15... Qh5 $11) 16. Rad1 Qh5 17. Qe2 Qa5 18. f4 Nh5 (18... Rcd8 $142) 19. Rd3 (19. Qe3 $142) 19... Be6 (19... f5 $16) 20. Rc1 (20. g4 $18 {is more deadly.}) 20... Bh6 ({Black should try} 20... Rb8 $14) 21. Qf2 f5 {[%emt 0:01:17] [#]} 22. Ba1 (22. Re3 $1 $18) 22... Nf6 (22... g5 $14) 23. e5 dxe5 24. Re1 e4 25. Rdd1 Bg7 26. Qc2 Rfd8 27. Rc1 $2 (27. Na4 $17) 27... Rd7 28. Na4 Rcd8 29. Bc3 Qc7 30. Nc5 Qb6 31. b4 $2 (31. Qf2 $16 {is forced if you want to stay better.} Kf7 32. Nxd7 Nxd7 33. Qxb6 Nxb6 34. Bxg7 Kxg7 35. Red1) 31... Bf7 32. Kh2 Rd6 33. Nxe4 Nxe4 34. Bxe4 $19 (34. c5 $17 {was the crucial defense.} Nxc5 35. bxc5 Qxc5 36. Bxg7 Qxc2 37. Rxc2 Kxg7 38. Rxe7) 34... Bxc3 35. Qxc3 Rd2+ 36. Bg2 Qf2 37. Rg1 R8d3 38. Qe5 Qxg3+ 39. Kh1 Re3 40. Qb8+ Kg7 41. Qb6 Qxf4 42. Qxc6 Rxh3+ 0-1

[Event "FRA-ch Youth 2017"]
[Site "Belfort"]
[Date "2017.04.23"]
[Round "9"]
[White "Imperor, Amelie"]
[Black "Marcenac, Delphine"]
[Result "1-0"]
[ECO "B00"]
[WhiteElo "1820"]
[BlackElo "1452"]
[Annotator "NA RC"]
[PlyCount "103"]
[EventDate "2017.??.??"]
[EventCountry "FRA"]
[SourceTitle "playchess.com"]
[Source "ChessBase"]
[SourceQuality "1"]
[TimeControl "5400+30"]

1. e4 b6 2. d4 Bb7 3. Nc3 e6 4. Be2 {[%emt 0:01:36] B00: Queen's Fianchetto Defence, Nimzowitsch Defence} (4. Be3 g6 5. Qd2 Bg7 6. O-O-O d6 7. h4 h6 8. h5 g5 9. f4 gxf4 10. Bxf4 Nd7 11. Nf3 a6 12. Kb1 {1-0 (68) Guseinov,G (2631)-Kamsky,G (2741) Khanty-Mansiysk 2013}) 4... Nf6 5. Bf3 Bb4 6. e5 Nd5 7. Bd2 Bxc3 $146 (7... c5 8. Nxd5 Bxd2+ 9. Qxd2 Bxd5 10. Bxd5 exd5 11. dxc5 bxc5 12. Qxd5 {1-0 (57) Anton,C (1576)-Chiorescu,V (1326) Baile Felix 2017}) 8. bxc3 Qc8 9. c4 Ne7 10. h4 c5 11. c3 Bxf3 12. Qxf3 Qc6 (12... Nbc6 $17) 13. Rh3 Qxf3 14. Nxf3 Nbc6 15. dxc5 bxc5 16. Be3 Na5 17. Bxc5 Nxc4 18. Rb1 Nc6 19. Rg3 Rg8 20. Nd2 Nxd2 21. Kxd2 Nxe5 22. Bd4 f6 23. Rb7 a6 24. Bxe5 fxe5 25. Rd3 d5 $16 (25... Rd8 $11) 26. Re3 (26. Rg3 $16) 26... e4 {[%emt 0:02:43] [#]} 27. f3 (27. Rg3 $1 $16) 27... Rd8 28. fxe4 dxe4+ 29. Ke2 Rd7 30. Rxd7 Kxd7 31. Rxe4 Rb8 32. Ra4 Rb6 33. Kd3 Kd6 34. Ra5 Rc6 35. g4 g6 36. Kd4 h6 37. Ra4 Rb6 38. Rb4 Rc6 39. Rb7 Rc5 40. Rb6+ Rc6 41. Rxc6+ Kxc6 42. g5 hxg5 43. hxg5 Kd6 44. a4 a5 45. Ke4 e5 46. c4 Kc5 47. Kxe5 Kxc4 48. Kf6 Kb4 49. Kxg6 Kxa4 50. Kf5 Kb4 51. g6 a4 52. g7 1-0

[Event "FRA-ch Youth 2017"]
[Site "Belfort"]
[Date "2017.04.23"]
[Round "9"]
[White "Bartels, Karina"]
[Black "Fretel, Liza"]
[Result "0-1"]
[ECO "B24"]
[WhiteElo "1759"]
[BlackElo "1801"]
[Annotator "NA RC"]
[PlyCount "66"]
[EventDate "2017.??.??"]
[EventCountry "FRA"]
[SourceTitle "playchess.com"]
[Source "ChessBase"]
[SourceQuality "1"]
[TimeControl "5400+30"]

1. e4 c5 2. Nc3 Nc6 3. d3 g6 4. g4 {[%emt 0:01:21] B23: Closed Sicilian: Lines without g3} Bg7 5. Be3 d6 6. Bg2 Rb8 7. h3 b5 8. Qd2 b4 $146 (8... Qa5 9. Nge2 h5 10. gxh5 Rxh5 11. f4 {0-1 (35) Krausser,H (2166)-Reich,T (2394) Fuerth 1999}) 9. Nd1 Ba6 10. f4 e6 11. f5 (11. a3 $11) 11... Nf6 ({Better is} 11... exf5 $15 12. exf5 Bb7) 12. e5 $2 (12. g5 $14 {keeps the upper hand.}) 12... Nxe5 13. Ne2 Bb7 14. Bxb7 Rxb7 15. O-O Nfxg4 16. hxg4 Qh4 ({Worse is} 16... Nxg4 17. fxe6 (17. Bg5 f6 18. Nf4 gxf5 19. Nxe6 Qe7 $11) 17... Qh4 18. Bf4 $11) 17. Nf4 Nxg4 18. fxe6 {[%emt 0:03:02] [#]} g5 $2 ({Weaker is} 18... Nxe3 19. Nxe3 O-O 20. Qg2 $14) ({Better is} 18... O-O $1 $17 {White must now prevent ...fxe6.} 19. Qg2 Re7) 19. exf7+ $19 (19. Qg2 $11 {and White stays safe.} O-O 20. Nh3 fxe6 21. Rxf8+ (21. Qxb7 Rxf1+ 22. Kxf1 Qxh3+ 23. Ke2 Qh2+ 24. Bf2 Bxb2 $16) (21. Nxg5 Rbb8 $11) 21... Bxf8 22. Qxb7 (22. Nhf2 Nxe3 23. Nxe3 d5 $11) 22... Qg3+ 23. Kf1 Qxh3+ 24. Ke2) 19... Rxf7 20. Ne6 Rxf1+ 21. Kxf1 Qh1+ (21... Nh2+ $142 22. Kg2 Be5) 22. Ke2 Be5 23. Qe1 Qg2+ 24. Nf2 Nxf2 25. Qxf2 Qg4+ 26. Qf3 Qxe6 27. Qa8+ Kf7 28. Qxa7+ Kg6 29. Rg1 Bf4 30. Qa4 Qxe3+ 31. Kf1 Bg3 32. Rxg3 Qxg3 33. Qd7 Rf8+ 0-1

[Event "FRA-ch Youth 2017"]
[Site "Belfort"]
[Date "2017.04.23"]
[Round "9"]
[White "Conti, Anne-Marie"]
[Black "Lomandong Noela-Joyce"]
[Result "0-1"]
[ECO "E08"]
[WhiteElo "1712"]
[BlackElo "1987"]
[Annotator "NA RC"]
[PlyCount "102"]
[EventDate "2017.??.??"]
[EventCountry "FRA"]
[SourceTitle "playchess.com"]
[Source "ChessBase"]
[SourceQuality "1"]
[TimeControl "5400+30"]

1. d4 d5 2. c4 c6 3. Nf3 Nf6 4. g3 e6 5. Bg2 Be7 6. O-O Nbd7 7. b3 O-O 8. Qc2 b6 9. Nc3 Ba6 {[%emt 0:02:31] LiveBook: 56 Games E08: Closed Catalan: Main Line: 7 Qc2} 10. cxd5 (10. e4 dxc4 11. Rd1 cxb3 12. axb3 Bb7 {½-½ (12) Vallejo Pons,F (2711)-Anton Guijarro,D (2627) Madrid 2016}) 10... cxd5 11. a3 $146 (11. Bb2 Rc8 12. Rfc1 Ne4 13. Qd1 Ba3 14. Bxa3 Nxc3 15. Rxc3 Rxc3 16. Bxf8 Qxf8 17. Qd2 {0-1 (64) Moon,B (2134)-Yang,D (2473) Philadelphia 2015}) 11... Rc8 12. Bb2 Ne4 13. Rfc1 Ndf6 14. h3 {[%emt 0:04:30] [#]} (14. Qd1 $11 {keeps the balance.}) 14... Nxc3 $1 15. Bxc3 Ne4 16. Qb2 Nxc3 17. Rxc3 Qd6 (17... Rxc3 $17 18. Qxc3 Bxe2) 18. Rxc8 Rxc8 19. b4 Qc6 20. e3 f6 21. Ne1 Qc3 22. Qb1 Bc4 23. h4 Bd6 24. Bh3 Kf7 25. Qd1 {[%emt 0:04:03] [#]} Be2 $1 26. Qb1 g6 27. Ra2 Bc4 28. Ra1 Qd2 ({Don't do} 28... Bxg3 29. fxg3 Qxe3+ 30. Kh2 $15) 29. h5 Qe2 30. hxg6+ hxg6 31. Qd1 Qxd1 32. Rxd1 Bb3 33. Rd3 Ba4 34. Bf1 $2 (34. f4 {is a better chance.}) 34... Rc1 35. Kg2 Rxe1 36. Rc3 Ra1 37. Bd3 f5 38. Be2 Ra2 39. Bd3 Ke7 40. Bb1 Rb2 41. Rc1 Rb3 42. g4 Rxa3 43. Rh1 Bb5 44. g5 Kf7 45. Rh7+ Kg8 46. Rh6 Kg7 47. Rh1 Bxb4 48. Bc2 Be7 $19 49. Rb1 a6 50. Kf3 Rc3 51. Bd1 Bxg5 0-1

[Event "FRA-ch Youth 2017"]
[Site "Belfort"]
[Date "2017.04.23"]
[Round "9"]
[White "Bureau-Leroyer, Lola"]
[Black "Vernet, Solene"]
[Result "0-1"]
[ECO "A05"]
[WhiteElo "1635"]
[BlackElo "1863"]
[Annotator "NA RC"]
[PlyCount "58"]
[EventDate "2017.??.??"]
[EventCountry "FRA"]
[SourceTitle "playchess.com"]
[Source "ChessBase"]
[SourceQuality "1"]
[TimeControl "5400+30"]

1. Nf3 Nf6 2. c4 c5 3. b3 d5 4. cxd5 {[%emt 0:01:42] A30: Symmetrical English: Double Fianchetto and Hedgehog} Nxd5 {[%emt 0:00:17] LiveBook: 29 Games} 5. e3 (5. Bb2 Nc6 6. Nc3 Nf6 7. g3 e5 8. Bg2 Be7 9. O-O O-O 10. d3 Re8 11. Rc1 Bf5 12. Nd2 Rc8 13. Nde4 b6 14. a3 Nxe4 15. dxe4 Qxd1 16. Rfxd1 Be6 17. Nd5 Bf8 18. e3 {0-1 (40) Grischuk,A (2737)-Salem,A (2656) Doha 2016}) 5... Nc6 6. Bb2 Bf5 7. Bb5 Qb6 8. Qe2 $146 (8. Na3 a6 9. Bxc6+ Qxc6 10. O-O Nb4 11. Ne5 Qc7 12. Qf3 {0-1 (61) Lopez Idarraga,D (2053)-Valle,E (2229) Ibague 2013}) 8... a6 9. Bxc6+ Qxc6 10. Na3 $2 (10. Ne5 $1 $14 {keeps the upper hand.} Qh6 11. Qf3) 10... Nb4 11. d4 Nd3+ 12. Kf1 Nxb2 13. Ne5 ({White has to play} 13. Qxb2 $15 Be4 14. dxc5) 13... Qf6 14. e4 Bg6 ({Don't play} 14... cxd4 15. exf5 Qxf5 16. Nb5 $15) 15. Qxb2 e6 ({But not} 15... Bxe4 16. Re1 Qf4 17. dxc5 $15) 16. Nac4 Bxe4 17. f3 (17. Re1 $17 {might work better.} Qf4 18. f3) 17... Bd5 ({Black should play} 17... Rd8 $19 18. Re1 Rxd4) 18. Nb6 Rd8 19. Re1 (19. Qa3 $17 Bc6 20. Nxc6 bxc6 21. Qa4 Qxd4 22. Qxc6+ Ke7 23. Re1) 19... cxd4 20. Qc2 Qe7 21. b4 Qxb4 22. Nxd5 Qb5+ 23. Kf2 Qxd5 24. Qa4+ Qb5 (24... b5 $142 25. Qxa6 d3 26. Qc6+ Qxc6 27. Nxc6 Bc5+ 28. Kg3 Rd6) 25. Qxb5+ axb5 26. Rb1 Rd5 27. f4 Bd6 28. Rhc1 Ke7 ({Less strong is} 28... Bxe5 29. Rc8+ Rd8 30. Rxd8+ Kxd8 31. fxe5 $19) 29. a4 Ra8 $19 ({Weaker is} 29... Bxe5 30. fxe5 Rxe5 31. axb5 $19) 0-1

[Event "FRA-ch Youth 2017"]
[Site "Belfort"]
[Date "2017.04.23"]
[Round "9"]
[White "Milroy, Melena"]
[Black "Afraoui, Anaelle"]
[Result "0-1"]
[ECO "B23"]
[WhiteElo "1610"]
[BlackElo "1977"]
[Annotator "NA RC"]
[PlyCount "82"]
[EventDate "2017.??.??"]
[EventCountry "FRA"]
[SourceTitle "playchess.com"]
[Source "ChessBase"]
[SourceQuality "1"]
[TimeControl "5400+30"]

1. e4 c5 2. Nc3 a6 3. f4 b5 4. d3 e6 5. Nf3 Be7 6. Be2 d6 7. O-O Nf6 8. a4 b4 9. Nb1 O-O 10. Nbd2 Qc7 11. Qe1 Nc6 12. Nh4 Rb8 13. b3 Nd4 14. Bd1 Ne8 15. Ndf3 Qd8 16. g3 Nxf3+ 17. Nxf3 f5 18. e5 dxe5 19. fxe5 (19. Qxe5 $11 {remains equal.} Nc7 20. Ra2) 19... Bb7 ({Black should play} 19... g5 $17 {And now ...g4 would win.} 20. Qe3 g4) 20. Rb1 (20. h3 $17 {was called for.}) 20... g5 21. Rf2 (21. Qe2 $17) 21... g4 22. Bh6 Ng7 23. Nd2 Qd5 24. Kf1 Rf7 25. Qe3 Rd8 $2 (25... Qh1+ $19 {has better winning chances.} 26. Ke2 {[#]} f4 $1 27. Rxf4 Nf5) 26. Qf4 Nh5 27. Qe3 Qh1+ 28. Ke2 f4 29. Bxf4 Nxf4+ 30. Rxf4 Qxh2+ $2 (30... Rxf4 $19 {has better winning chances.} 31. Qxf4 Rf8 32. Qxg4+ Kh8) 31. Rf2 $2 (31. Qf2 $17 Qxf2+ 32. Kxf2) 31... Rxf2+ 32. Qxf2 Qh5 33. Nc4 Rf8 34. Qg1 Qf5 (34... Rf3 $142 {Threatens to win with ...Qh3.} 35. Rc1 Qh3) 35. Ke1 Bg5 36. Be2 Bf3 37. Bf1 $2 (37. Bxf3 gxf3 38. Kf1) 37... Bd5 38. Bg2 Bxc4 39. bxc4 Qxe5+ 40. Kd1 Qxg3 41. Ke2 Be3 0-1

[Event "FRA-ch Youth 2017"]
[Site "Belfort"]
[Date "2017.04.23"]
[Round "9"]
[White "Parlas, Helin"]
[Black "Haussernot, Cecile"]
[Result "0-1"]
[ECO "E26"]
[WhiteElo "1606"]
[BlackElo "2107"]
[Annotator "NA RC"]
[PlyCount "54"]
[EventDate "2017.??.??"]
[EventCountry "FRA"]
[SourceTitle "playchess.com"]
[Source "ChessBase"]
[SourceQuality "1"]
[TimeControl "5400+30"]

1. d4 Nf6 2. c4 e6 3. Nc3 Bb4 4. a3 Bxc3+ $1 5. bxc3 c5 6. e3 {[%emt 0:04:32] LiveBook: 494 Games} O-O 7. Nf3 Qa5 {[%emt 0:00:46] E24: Nimzo-Indian: Sämisch: Unusual Black 5th moves and 5...c5 sidelines} 8. Qc2 d5 9. Bd2 (9. Nd2 cxd4 10. cxd4 Bd7 11. Bd3 dxc4 12. Bxc4 Rc8 13. Qd3 Ba4 14. O-O Nbd7 15. Qe2 Rc7 16. Bd3 {0-1 (51) Tin,J (2439)-Indjic,A (2548) Baku 2016}) 9... Bd7 10. Bd3 $146 (10. Qb2 Bc6 11. cxd5 exd5 12. Be2 Nbd7 13. O-O Rfe8 14. Rfd1 Rac8 15. h3 Ne4 16. c4 Nxd2 17. Nxd2 {0-1 (56) Tran,T (1921)-Doan,T (1946) Vietnam 2016}) 10... b5 11. cxd5 c4 12. Be4 (12. Be2 $11) 12... exd5 13. Bf5 Bxf5 14. Qxf5 Nc6 15. O-O Ne7 16. Qc2 Ne4 17. Ne5 f6 18. Ng4 h5 19. Be1 hxg4 20. f3 gxf3 21. gxf3 Nf5 22. Bf2 (22. fxe4 $142 Nxe3 23. Qe2 Nxf1 24. exd5) 22... Qxc3 23. Qxc3 Nxc3 24. Rfe1 Rfd8 25. Rac1 Na4 26. Rcd1 Nb2 27. Rc1 Nd3 $19 0-1